 Dungeon Crawl Stone Soup version 0.29.1-2-gbd0b4ee654 (console) character file.

Game seed: 3498747931029206838

12540 Goreval the Spear-Bearer (level 12, -4/104 HPs)
             Began as a Meteoran Gladiator on Nov 28, 2022.
             Was the Champion of Okawaru.
             Drowned by a water elemental (12 damage)
             ... on level 12 of the Dungeon.
             The game lasted 00:59:38 (5996 turns).

Goreval the Spear-Bearer (Meteoran Gladiator)       Turns: 5996, Time: 00:59:39

Health: -4/104     AC: 20    Str: 20    XL:     12   Next: 51%
Magic:  18/19      EV: 13    Int: 11    God:    Okawaru [******]
Gold:   388        SH: 12    Dex: 16    Spells: 11/11 levels left

rFire   . . .      SeeInvis .   Q - +7 spear (vorpal)
rCold   . . .      Faith    .   N - +0 kite shield
rNeg    . . .      Spirit   .   D - +3 scale mail {Will+}
rPois   .          Reflect  .   c - +0 helmet
rElec   .          Harm     .   l - +0 cloak
rCorr   .          Rampage  .   a - +0 pair of gloves
Will    ++...                   A - +1 pair of boots
Stlth   +.........              (no amulet)
HPRegen 0.27/turn               P - +4 ring of slaying
MPRegen 0.16/turn               M - ring of flight

@: heroic, marked, engulfed (cannot breathe), flying, slowed, glowing, very slow
A: sense surroundings 2, otherworldly, glowing, explore regen
a: Renounce Religion, Heroism, Finesse, Duel


You were on level 12 of the Dungeon.
You worshipped Okawaru.
Okawaru was exalted by your worship.
You visited 2 branches of the dungeon, and saw 13 of its levels.

You collected 835 gold pieces.
You spent 447 gold pieces at shops.

Inventory:

Hand Weapons
 i - a +0 bardiche of holy wrath
 w - the +4 flail "Ciurisetun" {flame, rPois rC+ Dex+4}
   (You found it on level 3 of the Dungeon)

   It burns those it strikes, dealing additional fire damage.
   Dex:       It affects your dexterity (+4).
   rC:        It protects you from cold.
   rPois:     It protects you from poison.
 Q - a +7 vorpal spear (weapon)
Missiles
 d - 3 throwing nets
 e - 9 javelins
 n - 21 poisoned darts
 O - 8 boomerangs (quivered)
 R - a curare-tipped dart
Armour
 a - a +0 pair of gloves (worn)
 c - a +0 helmet (worn)
 l - a +0 cloak (worn)
 A - a +1 pair of boots (worn)
 D - a +3 scale mail of willpower (worn)
 N - a +0 kite shield (worn)
Jewellery
 m - a ring of protection from cold
 M - a ring of flight (right hand)
 P - a +4 ring of slaying (left hand)
 S - a ring of protection from fire
Wands
 j - a wand of flame (22)
 E - a wand of iceblast (7)
 J - a wand of paralysis (12)
 K - a wand of polymorph (5)
Scrolls
 b - 2 scrolls of vulnerability
 f - a scroll of immolation
 g - 6 scrolls of blinking
 h - 2 scrolls of summoning
 k - 2 scrolls of fear
 o - 5 scrolls of teleportation
 p - a scroll of silence {unknown}
 q - a scroll of amnesia
 t - a scroll of torment {unknown}
 u - 3 scrolls of enchant armour
 v - a scroll of poison
 y - a scroll of noise {unknown}
 B - a scroll of enchant weapon {unknown}
 G - a scroll of fog
 I - a scroll of identify
Potions
 r - 2 potions of attraction
 s - 2 potions of magic
 x - 2 potions of brilliance
 z - 2 potions of heal wounds
 C - 5 potions of curing
 H - 4 potions of might
 L - 3 potions of mutation
 T - a potion of flight
 U - a potion of resistance


   Skills:
 + Level 9.1(14.1) Fighting
 * Level 14.0(19.0) Polearms
 + Level 7.6(12.6) Throwing
 + Level 8.8(13.8) Armour
 - Level 4.0(9.0) Dodging
 - Level 6.0(11.0) Shields
 + Level 8.0 Invocations


You had 11 spell levels left.
You didn't know any spells.
Your spell library contained the following spells:

 Spells                   Type           Power      Damage    Failure   Level
 Portal Projectile        Hex/Tloc       0%         N/A       99%         3
 Leda's Liquefaction      Hex/Erth       0%         N/A       100%        4
 Passage of Golubria      Tloc           0%         N/A       100%        4
 Yara's Violent Unravell  Hex/Tmut       0%         3d3       100%        5
 Call Canine Familiar     Summ           Unusable   N/A       N/A         3
 Tukima's Dance           Hex            Unusable   N/A       N/A         3
 Animate Dead             Necr           Unusable   N/A       N/A         4
 Haunt                    Necr/Summ      Unusable   N/A       N/A         7
 Infestation              Necr           Unusable   N/A       N/A         8

Dungeon Overview and Level Annotations

Branches:
Dungeon (12/15) Zot: 1295  Temple (1/1) D:7 Zot: 598    Lair (0/5) D:11
    Orc: D:9-12

Altars:
Ashenzari
Dithmenos
Okawaru
Qazlal
Wu Jian

Shops:
D:2 *   D:10 ?

Annotations:
D:5 Menkaure
D:8 6 transporters
D:12 Sonja


Innate Abilities, Weirdness & Mutations

You passively map the area around you.
You are easily found by Zot.
You glow in the dark.
You regain HP and MP as you explore.


Message History

The water elemental hits you.
The water elemental engulfs you in water!
The water elemental closely misses you.
You cannot call out to Okawaru while unable to breathe.
Unknown command.
You puncture the water elemental!
Your lungs strain for air!
You feel sick.
You are no longer poisoned.
You block the water elemental's attack.
Okay, then.
You barely miss the water elemental.
* * * LOW HITPOINT WARNING * * *
Your lungs strain for air!
You puncture the water elemental!
* * * LOW HITPOINT WARNING * * *
Your lungs strain for air!
The water elemental hits you!
* * * LOW HITPOINT WARNING * * *
You cannot read scrolls while unable to breathe!
Unknown command.
Okay, then.
You feel much better.
* * * LOW HITPOINT WARNING * * *
Your lungs strain for air!
The water elemental hits you!
* * * LOW HITPOINT WARNING * * *
An orc wizard comes into view. It is wielding a +0 dagger.
The water elemental hits you.
Okay, then.
Reach: Q) +7 spear (vorpal)
Aim: a water elemental (heavily damaged, about 15% to evade your +7 vorpal spear)
Okay, then.
Aim: a water elemental (heavily damaged, 81% to hit)
Okay, then.
That beam is likely to hit you.
Continue anyway?
Okay, then.
Aim: a water elemental (heavily damaged, infinite will)
The water elemental is unaffected.
You die...

*
,+......hJ......$...##..##
, * **#.....h.........#..#
, ,, ,,
#.....h.........#..# ***,
, #.......$.....###$.# * ,
* #......o.o......#..# , ,
#............##.#..#, * *
#.............,,#..# , ,,
..........#### * * *, ,, ,
'*' * ,, * ,, , * * ,,,, ,
* *,* , , , * * * * , , ,
* * #.* , ** * , ~~ ~ #.
##* ,* , ~ **#####.##≈## ,
* ~~ , , ....o#≈≈≈###8,8 ,
, ~ ~ ~ ~ ~~ #...o(~≈~.#*'
* ,* , ~ ~ * #.....~≈#.#,
, ~~ * #.....~##.# ,.,, ,
* ~ * #..oh.# #.#,,, ..,,
* ** *###...oo###.#####...
, ~ ,
.......E{E@'......... ,* ,
, ,~ ,
.......K{###......... * ,
.........+ +......... , ,
.........# #......... ** *
, .###.....# #.........
####### ########## * * * *
, * * * * , * , , , *


You could see 2 water elementals, Sonja, a howler monkey, an orc wizard and 2
orcs.

Vanquished Creatures
  2 two-headed ogres
  A hydra (D:11)
  A manticore (D:12)
  A cyclops (D:10)
  An ugly thing (D:11)
  2 gargoyles
  2 unseen horror zombies (D:9)
  An unseen horror (D:11)
  Psyche (D:8)
  2 unseen horror skeletons (D:9)
  3 trolls
  A slime creature (D:11)
  A vampire (D:11)
  5 yaks (D:11)
  2 wyverns
  2 basilisks (D:11)
  A steam dragon (D:8)
  An acid dragon (D:11)
  Duvessa (D:7)
  4 ice beasts
  4 orc warriors
  A black bear (D:8)
  3 sky beasts
  3 ogres
  An ogre (shapeshifter) (D:9)
  2 centaurs
  A phantom (D:4)
  2 kobold brigands
  3 gnoll sergeants
  A scorpion (D:6)
  A necrophage (D:4)
  Dowan (D:7)
  3 wights (D:8)
  32 killer bees
  10 howler monkeys
  3 orc priests
  2 gnoll boudas
  A jelly (D:5)
  A hound (D:6)
  4 iguanas
  6 orc wizards
  A centaur simulacrum (D:9)
  23 gnolls
  9 adders
  A shadow imp (D:5)
  3 white imps
  3 ufetubi
  A worm (D:1)
  3 dart slugs
  22 orcs
  5 endoplasms
  5 giant cockroaches
  6 goblins
  6 hobgoblins
  8 kobolds
  2 quokkas (D:2)
  9 ball pythons
  4 bats
  2 frilled lizards (D:1)
  6 rats
239 creatures vanquished.

Vanquished Creatures (others)
  A plant (D:5)
1 creature vanquished.

Grand Total: 240 creatures vanquished

Notes
Turn   | Place    | Note
-------+----------+-------------------------------------------
     0 | D:1      | Goreval the Meteoran Gladiator began the quest for the Orb.
     0 | D:1      | Reached XP level 1. HP: 17/17 MP: 2/2
   108 | D:1      | Reached XP level 2. HP: 16/25 MP: 3/3
   164 | D:1      | Reached skill level 4 in Polearms
   192 | D:1      | Reached XP level 3. HP: 30/30 MP: 4/4
   195 | D:1      | Reached skill level 1 in Armour
   345 | D:1      | Found a faded altar of an unknown god.
   497 | D:2      | Found Puddays's Assorted Antiques.
   545 | D:1      | Reached XP level 4. HP: 37/37 MP: 5/5
  1128 | D:3      | Reached XP level 5. HP: 42/44 MP: 6/6
  1176 | D:4      | Noticed an ogre
  1248 | D:3      | Identified the +4 flail "Ciurisetun" {flame, rPois rC+
                  | Dex+4}
  1432 | D:3      | You fall into a shaft and drop 2 floors!
  1432 | D:5      | Entered Level 5 of the Dungeon
  1442 | D:6      | Noticed an ice beast
  1548 | D:4      | Noticed a necrophage
  1552 | D:4      | Killed a necrophage
  1553 | D:4      | Reached skill level 5 in Polearms
  1553 | D:4      | Reached XP level 6. HP: 47/51 MP: 7/7
  1899 | D:4      | Reached XP level 7. HP: 45/58 MP: 8/8
  2069 | D:3      | Found an iron altar of Okawaru.
  2084 | D:3      | Became a worshipper of Warmaster Okawaru
  2151 | D:4      | Reached skill level 6 in Polearms
  2324 | D:5      | Noticed Menkaure
  2564 | D:5      | Reached * piety under Okawaru
  2659 | D:5      | Reached skill level 7 in Polearms
  2659 | D:5      | Reached XP level 8. HP: 45/67 MP: 9/9
  2863 | D:6      | Reached skill level 5 in Throwing
  3008 | D:6      | Reached skill level 5 in Fighting
  3044 | D:6      | Found an ornate altar of the Wu Jian Council.
  3049 | D:6      | Found a stormy altar of Qazlal.
  3120 | D:6      | Reached ** piety under Okawaru
  3121 | D:6      | Reached skill level 8 in Polearms
  3162 | D:6      | Gained mutation: You passively map the area around you.
                  | [Meteoran growth]
  3162 | D:6      | Reached XP level 9. HP: 70/74 MP: 7/10
  3256 | D:7      | Noticed Duvessa
  3257 | D:7      | Reached skill level 1 in Shields
  3263 | D:7      | Noticed Dowan
  3272 | D:7      | Killed Duvessa
  3278 | D:7      | Reached skill level 9 in Polearms
  3287 | D:7      | Reached *** piety under Okawaru
  3294 | D:7      | Killed Dowan
  3510 | D:7      | Found a staircase to the Ecumenical Temple.
  3556 | D:7      | Reached skill level 5 in Shields
  3567 | D:7      | Reached skill level 5 in Armour
  3594 | Temple   | Entered the Ecumenical Temple
  3690 | D:7      | Reached skill level 10 in Polearms
  3690 | D:7      | Reached XP level 10. HP: 66/84 MP: 11/11
  3901 | D:8      | Reached **** piety under Okawaru
  3980 | D:8      | Found a transporter.
  3982 | D:8      | Found a transporter.
  4091 | D:8      | Found a transporter.
  4099 | D:8      | Found a transporter.
  4100 | D:8      | Noticed Psyche
  4113 | D:8      | Killed Psyche
  4114 | D:8      | Reached skill level 11 in Polearms
  4114 | D:8      | Reached skill level 1 in Invocations
  4176 | D:8      | Found a transporter.
  4189 | D:8      | Found a transporter.
  4506 | D:9      | Reached XP level 11. HP: 74/92 MP: 8/15
  4510 | D:9      | Reached ***** piety under Okawaru
  4510 | D:9      | Received a gift from Okawaru
  4511 | D:9      | Reached skill level 5 in Invocations
  4664 | D:9      | Reached skill level 12 in Polearms
  4682 | D:10     | Entered Level 10 of the Dungeon
  4825 | D:10     | Noticed a boulder beetle
  5138 | D:10     | Noticed a two-headed ogre
  5162 | D:10     | Killed a two-headed ogre
  5162 | D:10     | Received a gift from Okawaru
  5285 | D:10     | Noticed a cyclops
  5321 | D:10     | Killed a cyclops
  5336 | D:10     | Found Repneoce's Magic Scroll Shop.
  5349 | D:10     | Bought a scroll of teleportation for 39 gold pieces
  5349 | D:10     | Bought a scroll of vulnerability for 52 gold pieces
  5349 | D:10     | Bought a scroll of teleportation for 39 gold pieces
  5349 | D:10     | Bought a scroll of blinking for 97 gold pieces
  5349 | D:10     | Bought a scroll of blinking for 97 gold pieces
  5349 | D:10     | Bought a scroll of identify for 26 gold pieces
  5349 | D:10     | Bought a scroll of enchant armour for 97 gold pieces
  5394 | D:11     | Noticed a white ugly thing
  5406 | D:11     | Killed a white ugly thing
  5407 | D:11     | Reached skill level 13 in Polearms
  5536 | D:11     | Noticed a seven-headed hydra
  5556 | D:11     | Killed a seven-headed hydra
  5557 | D:11     | Reached XP level 12. HP: 26/103 MP: 11/18
  5582 | D:11     | Noticed a two-headed ogre
  5611 | D:11     | Killed a two-headed ogre
  5745 | D:11     | Found a staircase to the Lair.
  5764 | D:11     | Reached ****** piety under Okawaru
  5940 | D:11     | Received a gift from Okawaru
  5941 | D:11     | Reached skill level 14 in Polearms
  5941 | D:11     | Noticed a five-headed hydra
  5960 | D:12     | Noticed Sonja
  5996 | D:12     | Drowned by a water elemental

Illustrated notes

Levels and vault maps discovered:
D:1:      dpeg_arrival_brainrot, layout_loops_ring,
          dilly_ecumenical_altar_fadedgnrine
D:2:      layout_basic, serial_shops, nicolae_shop_stone
D:3:      layout_basic, okawaru_ov_weapons_minmay
D:4:      layout_cave_pools, minmay_misc_feat_doors,
          hangedman_abyss_or_decor_slice, kennysheep_generic_room_15
D:5:      layout_basic, serial_shops, shop, chequers_serial_rivers_room_b,
          guppyfry_early_lair_pool, uniq_menkaure
D:6:      layout_cave_pods, mainiacjoe_overflow_big_doors
D:7:      layout_cave_pools, minmay_temple_entry_mini_moons, uniq_duvessa
D:8:      layout_basic, serial_nicolae_subway, nicolae_sub_station_metal,
          nicolae_sub_station_stone, nicolae_sub_station_crystal, uniq_psyche
D:9:      layout_roguey, slow_altar_2, hangedman_weighted_door
D:10:     kennysheep_spiral_hall, layout_loops_ring, serial_shops,
          nicolae_lakefront_shop, minivault_26, skrybe_limestone_x
D:11:     hangedman_what_comes_after_a, layout_loops_cross, lair_entry_dummy,
          minmay_door_square, uniq_snorg
D:12:     layout_basic, hiddenorc1_lemuel, uniq_frances, uniq_fannar,
          uniq_azrael, uniq_sonja
Temple:   regret_index_temple_mists

Skill      XL: |  1  2  3  4  5  6  7  8  9 10 11 12 |
---------------+-------------------------------------+-----
Polearms       | 4 5 7 8 10 11 13 14 | 14.0
Armour         | 1 2 3 4 5 6 8 |  8.8
Throwing       | 3 4 5 6 7 |  7.6
Dodging        | 4 |  4.0
Fighting       | 3 4 5 6 7 8 9 |  9.1
Shields        | 5 6 |  6.0
Invocations    | 4 7 8 |  8.0

Action                   |  1- 3 |  4- 6 |  7- 9 | 10-12 || total
-------------------------+-------+-------+-------+-------++-------
Melee: Trident           |    63 |    51 |       |       ||   114
       Punch             |     1 |     1 |     5 |       ||     7
       Flail             |       |    44 |   111 |       ||   155
       Spear             |       |       |   100 |   422 ||   522
Throw: Stone             |     1 |    29 |    27 |    45 ||   102
       Javelin           |       |       |     5 |       ||     5
       Dart              |       |       |     6 |     8 ||    14
       Boomerang         |       |       |       |    10 ||    10
Invok: Heroism           |       |       |     2 |     4 ||     6
       Finesse           |       |       |       |     2 ||     2
Evoke: Wand              |       |       |     2 |     1 ||     3
  Use: Scroll            |       |     5 |     2 |    19 ||    26
       Potion            |       |       |       |     5 ||     5
 Stab: Distracted        |       |       |       |     1 ||     1
Armor: Leather armour    |     6 |       |       |       ||     6
       Chain mail        |    10 |     2 |       |       ||    12
       Ring mail         |       |    30 |     1 |       ||    31
       Scale mail        |       |       |   101 |   141 ||   242
Dodge: Dodged            |    13 |    37 |    79 |    91 ||   220
Block: Kite shield       |       |       |    28 |   145 ||   173
